 Dungeon Crawl Stone Soup version 0.32-a0-747-gc8563f6773 (webtiles) character file.

Game seed: 3859068107878926428

76909 Alarak the Eclecticist (level 15, -19/82 HPs)
             Began as a Deep Elf Earth Elementalist on Mar 14, 2024.
             Was the Champion of Vehumet.
             Killed from afar by a naga mage (22 damage)
             ... with a bolt of poison
             ... on level 1 of the Snake Pit on Mar 18, 2024.
             The game lasted 01:34:59 (23631 turns).

Alarak the Eclecticist (DEEE)                      Turns: 23631, Time: 01:35:00

Health: -19/82     AC: 12    Str:  5    XL:     15   Next: 13%
Magic:  21/37      EV: 15    Int: 28    God:    Vehumet [******]
Gold:   2207       SH:  0    Dex: 15    Spells: 11/46 levels left

rFire   x . .        O - +3 longbow (flame)
rCold   + . .        (shield currently unavailable)
rNeg    . . .        H - +0 troll leather armour
rPois   .            S - +1 helmet
rElec   .            B - +1 cloak
rCorr   .            A - +0 pair of gloves
SInv    .            l - +1 pair of boots
Will    +....        g - amulet of faith
Stlth   ++           s - ring of wizardry
HPRegen 1.13/turn    M - ring of ice
MPRegen 0.25/turn

%: faith, wizardry (x1)
@: lethally poisoned (-19 -> -33)
A: no striking features
a: Renounce Religion


You were on level 1 of the Snake Pit.
You worshipped Vehumet.
Vehumet was exalted by your worship.
You visited 5 branches of the dungeon, and saw 21 of its levels.
You also visited: Sewer.

You collected 2353 gold pieces.
You spent 146 gold pieces at shops.

Inventory:

Hand Weapons
 O - a +3 longbow of flaming (weapon)
Missiles
 o - 5 throwing nets
Armour
 l - a +1 pair of boots (worn)
 v - a +2 robe of cold resistance
 A - a +0 pair of gloves (worn)
 B - a +1 cloak (worn)
 H - a +0 troll leather armour (worn)
 S - a +1 helmet (worn)
Jewellery
 d - a ring of poison resistance
 f - an amulet of guardian spirit
 g - an amulet of faith (around neck)
 k - the ring of the Eleven Moons {Fly rC+ Will+ Str+2 Int-3}
   (You took it off an orc warrior on level 1 of the Orcish Mines)

   [ring of willpower]

   Str+2:     It affects your strength (+2).
   Int-3:     It affects your intelligence (-3).
   rC+:       It protects you from cold.
   Will+:     It increases your willpower.
   Fly:       It grants you flight.
 s - a ring of wizardry (left hand)
 L - a ring of ice
 M - a ring of ice (right hand)
 N - a +5 ring of evasion
 Q - a +6 ring of dexterity
 Z - the ring of Knowledge {rF+ rN+ Will+ Str-2 Dex+2}
   (You took it off an orc knight on level 1 of the Orcish Mines)

   [ring of positive energy]

   Str-2:     It affects your strength (-2).
   Dex+2:     It affects your dexterity (+2).
   rF+:       It protects you from fire.
   rN+:       It protects you from negative energy.
   Will+:     It increases your willpower.
Wands
 q - a wand of mindburst (11)
 C - a wand of polymorph (10)
 I - a wand of acid (5)
 W - a wand of flame (2)
 Y - a wand of roots (4)
Scrolls
 c - 4 scrolls of silence
 p - a scroll of brand weapon
 r - 2 scrolls of enchant armour
 x - 5 scrolls of fog
 y - 2 scrolls of amnesia
 D - 3 scrolls of teleportation
 P - 2 scrolls of identify
 R - 2 scrolls of poison
 T - a scroll of enchant weapon
 V - 5 scrolls of revelation
Potions
 a - a potion of brilliance
 b - 4 potions of magic
 e - a potion of cancellation
 h - a potion of heal wounds
 i - 4 potions of mutation
 j - 3 potions of curing
 m - a potion of haste
 t - a potion of attraction
 w - 5 potions of resistance
 z - a potion of lignification
 E - 3 potions of might
 F - 2 potions of enlightenment
 J - a potion of berserk rage
Miscellaneous
 n - a box of beasts
 X - a lightning rod (4/4)


   Skills:
 - Level 5.3 Fighting
 - Level 15.1 Ranged Weapons
 - Level 7.0 Armour
 - Level 10.7 Dodging
 - Level 2.4 Stealth
 - Level 16.4 Spellcasting
 - Level 11.1 Conjurations
 + Level 5.1 Ice Magic
 - Level 10.4 Air Magic
 - Level 10.2 Earth Magic


You had 11 spell levels left.
You knew the following spells:

 Your Spells              Type           Power      Damage    Failure   Level
a - Sandblast             Erth           100%       2d20      1%          1
b - Stone Arrow           Conj/Erth      100%       3d13      1%          3
c - Passwall              Erth           69%        N/A       1%          3
d - Brom's Barrelling Bo  Conj/Erth      70%        2d8       1%          4
e - Petrify               Alch/Erth      51%        N/A       1%          4
f - Airstrike             Air            34%        2d(5-21)  1%          4
g - Lee's Rapid Deconstr  Erth           34%        3d17*     1%          5
h - Arcjolt               Conj/Air       35%        1d45      1%          5
i - Permafrost Eruption   Ice/Erth       39%        2x4d11    2%          6

Your spell library contained the following spells:

 Spells                   Type           Power      Damage    Failure   Level
 Ozocubu's Refrigeration  Ice            33%        4d14      28%         7
 Foxfire                  Conj/Fire      100%       2x1d9     1%          1
 Ensorcelled Hibernation  Hex/Ice        100%       N/A       1%          2
 Summon Ice Beast         Ice/Summ       54%        N/A       1%          3
 Volatile Blastmotes      Fire/Tloc      44%        2d13      1%          3
 Animate Armour           Summ/Erth      100%       N/A       1%          4
 Fulminant Prism          Conj/Alch      26%        3d13      1%          4
 Iskenderun's Mystic Bla  Conj/Tloc      52%        2d11      1%          4
 Leda's Liquefaction      Alch/Erth      25%        N/A       1%          4
 Summon Lightning Spire   Summ/Air       51%        N/A       1%          4
 Gell's Gravitas          Tloc           22%        N/A       4%          3
 Teleport Other           Tloc           22%        N/A       4%          3
 Manifold Assault         Tloc           22%        N/A       12%         4
 Metabolic Englaciation   Hex/Ice        27%        N/A       12%         5
 Summon Mana Viper        Hex/Summ       22%        N/A       32%         5
 Dispersal                Tloc           11%        N/A       86%         6
 Monstrous Menagerie      Summ           11%        N/A       100%        7
 Disjunction              Tloc           11%        N/A       100%        8


Dungeon Overview and Level Annotations

Branches:
Dungeon (12/15)            Temple (1/1) D:6            Lair (5/5) D:8
 Shoals (0/4) Lair:2        Snake (1/4) Lair:3        Slime (0/5) Lair:5
    Orc (2/2) D:9             Elf (0/3) Orc:2         Sewer (visited)

Altars:
Ashenzari
Cheibriados
Dithmenos
Elyvilon
Fedhas
Gozag
Hepliaklqana
Kikubaaqudgha
Makhleb
Nemelex Xobeh
Okawaru
Qazlal
Ru
Sif Muna
Trog
Uskayaw
Vehumet
Wu Jian
Xom
Yredelemnul
Zin
The Shining One
Beogh

Shops:
D:5 *[   D:11 :   Orc:2 [=:[


Message History

Okay, then.
The stone arrow hits the naga!
The naga is heavily wounded.
The naga shouts!
The stone arrow hits the naga!!
You kill the naga!
Vehumet accepts your kill.
The stone arrow hits the salamander!
The salamander is moderately wounded.
The stone arrow hits the salamander!!
The salamander is severely wounded.
A naga mage comes into view. It is wielding a +0 club.
The naga spits poison at you.
The splash of poison hits you but does no damage.
You are poisoned.
The stone arrow misses the salamander.
The naga mage shouts!
You feel sick.
The stone arrow hits the salamander!
The salamander is almost dead.
You feel sick.
The naga mage gestures wildly while chanting.
The naga mage seems to speed up.
The salamander hits you from afar with a +0 trident.
You are engulfed in flames!
The fire burns you terribly!
You shoot an arrow. The arrow hits the salamander.
The salamander is almost dead.
You feel sick.
The salamander hits you from afar with a +0 trident!
You are engulfed in flames!!
The fire burns you terribly!
You are too injured to fight recklessly!
You feel sick.
The salamander hits you from afar with a +0 trident!
* * * LOW HITPOINT WARNING * * *
You are engulfed in flames!
The fire burns you terribly!
* * * LOW HITPOINT WARNING * * *
The naga mage casts a spell at you. The bolt of poison hits you!!
You are lethally poisoned!
You die...

...............
........... .$.
...............
...............
.........#.....
.....N......N..
...............
.......@.......
..##......)....
.......N.......
...............
...............
..............>
...............
......$........


You could see a salamander, a naga mage (fast) and a naga.

Vanquished Creatures
  Rupert (Lair:5)
  Gastronok (Lair:2)
  2 orc warlords (Orc:1)
  Nessos (D:12)
  3 hydras
  4 catoblepae
  A two-headed ogre (D:9)
  A merfolk avatar (Lair:5)
  2 boulder beetles
  9 death yaks (Lair:2)
  Urug (Lair:5)
  The ghost of fpsbossfight the Covert, a journeyman SpEn of Elyvilon (D:11)
  3 orc high priests (Orc:2)
  2 skysharks (Lair:5)
  A sea snake (Lair:5)
  4 orc knights
  Pikel (D:8)
  3 harpies (Lair:5)
  11 orc sorcerers
  2 manticores
  An ugly thing (D:11)
  A moth of wrath (Lair:4)
  Maurice (D:8)
  A cyclops (D:12)
  7 black mambas
  11 elephants
  3 kobold blastminers
  A guardian serpent (Lair:3)
  A gargoyle (D:10)
  5 cane toads
  Maggie (D:8)
  5 rime drakes
  An unseen horror (D:12)
  9 komodo dragons
  6 trolls
  4 polar bears
  A tyrant leech (Lair:4)
  A wind drake (Lair:5)
  3 hornets (Lair:5)
  12 blink frogs
  Prince Ribbit (D:8)
  10 dream sheep (Lair:4)
  6 slime creatures
  A water elemental (D:12)
  2 wraiths (D:11)
  35 yaks
  3 basilisks
  Grum (D:8)
  3 wyverns
  3 wargs
  4 steam dragons
  A vampire mosquito (D:12)
  Edmund (D:6)
  4 swamp worms (Lair:4)
  17 water moccasins
  5 acid dragons
  A naga (Snake:1)
  37 orc warriors
  4 black bears
  16 wolves
  5 ogres
  A lemure (D:8)
  15 centaurs
  2 kobold brigands
  2 brain worms (Sewer)
  7 bullfrogs
  2 gnoll sergeants
  6 scorpions
  5 wights
  21 killer bees
  5 electric eels (D:12)
  5 howler monkeys
  A bombardier beetle (D:5)
  4 jellies
  9 hounds
  28 orc priests
  2 gnoll boudas
  Jessica (D:2)
  8 iguanas
  3 sleepcaps
  42 orc wizards
  7 hell rats (Lair:4)
  12 adders
  24 gnolls
  9 river rats
  2 shadow imps
  4 ufetubi
  2 dart slugs
  6 ribbon worms
  82 orcs
  5 bats
  8 endoplasms
  6 giant cockroaches
  10 goblins
  7 hobgoblins
  10 jackals
  7 quokkas
  4 ball pythons
  4 frilled lizards
  14 kobolds
  7 rats
688 creatures vanquished.

Notes
Turn   | Place    | Note
-------+----------+-------------------------------------------
     0 | D:1      | Alarak the Deep Elf Earth Elementalist began the quest for
                  | the Orb.
     0 | D:1      | Reached XP level 1. HP: 10/10 MP: 6/6
    84 | D:1      | Reached XP level 2. HP: 15/15 MP: 4/8
   233 | D:1      | Reached skill level 1 in Ranged Weapons
   411 | D:1      | Reached XP level 3. HP: 19/19 MP: 6/9
  1304 | D:2      | Found a burning altar of Makhleb.
  1339 | D:2      | Noticed Jessica
  1345 | D:2      | Killed Jessica
  1346 | D:2      | Reached XP level 4. HP: 24/24 MP: 6/10
  1961 | D:3      | Reached skill level 5 in Ranged Weapons
  2134 | D:3      | Found a shimmering altar of Xom.
  2441 | D:3      | Reached XP level 5. HP: 28/28 MP: 9/11
  2879 | D:4      | Noticed an ogre
  3000 | D:4      | Reached XP level 6. HP: 18/32 MP: 8/13
  3008 | D:4      | Reached skill level 4 in Spellcasting
  3080 | D:4      | Reached skill level 5 in Spellcasting
  3154 | D:4      | Found a glowing drain.
  3161 | Sewer    | Entered a sewer
  3268 | Sewer    | Reached skill level 6 in Spellcasting
  3268 | Sewer    | Reached XP level 7. HP: 6/36 MP: 12/18
  3904 | D:4      | Reached skill level 5 in Earth Magic
  3999 | D:4      | Learned a level 3 spell: Stone Arrow
  4003 | D:4      | Learned a level 3 spell: Passwall
  4131 | D:4      | HP: 1/36 [gnoll/+0 spear[a gnoll bouda] (1)]
  4520 | D:5      | Entered Level 5 of the Dungeon
  4568 | D:5      | Identified the +8 long sword of Nofanap {pain, rElec rN+}
  4593 | D:5      | Reached XP level 8. HP: 41/41 MP: 19/19
  4688 | D:5      | Learned a level 4 spell: Brom's Barrelling Boulder
  4708 | D:5      | Found Cuceriuk's Antique Armour Shop.
  4713 | D:5      | Bought a runed robe for 122 gold pieces
  4867 | D:5      | Reached skill level 16 in Spellcasting
  4867 | D:5      | Reached XP level 9. HP: 30/45 MP: 9/31
  4964 | D:5      | Found Ruarr's CLEARANCE SALE!.
  5007 | D:5      | Bought a potion of brilliance for 24 gold pieces
  5062 | D:5      | Reached skill level 5 in Conjurations
  5208 | D:6      | Noticed Edmund
  5214 | D:6      | Killed Edmund
  5316 | D:6      | Found an iron altar of Okawaru.
  5788 | D:6      | Found a staircase to the Ecumenical Temple.
  5797 | Temple   | Entered the Ecumenical Temple
  5802 | Temple   | Became a worshipper of Vehumet
  6074 | D:6      | Learned a level 4 spell: Petrify
  6670 | D:7      | Reached XP level 10. HP: 36/50 MP: 1/32
  6818 | D:7      | Reached * piety under Vehumet
  6818 | D:7      | Offered knowledge of Sting by Vehumet.
  7205 | D:8      | Noticed Prince Ribbit
  7220 | D:8      | Killed Prince Ribbit
  7561 | D:8      | Noticed Grum
  7565 | D:8      | Noticed Maurice
  7566 | D:8      | Killed Grum
  7570 | D:8      | Reached skill level 5 in Dodging
  7710 | D:8      | Killed Maurice
  7780 | D:8      | Offered knowledge of Searing Ray by Vehumet.
  7782 | D:8      | Reached ** piety under Vehumet
  7819 | D:8      | Noticed an elephant
  7930 | D:8      | Found a staircase to the Lair.
  7939 | D:8      | Killed an elephant
  8029 | D:8      | Noticed Pikel
  8036 | D:8      | Killed Pikel
  8037 | D:8      | Reached skill level 1 in Fighting
  8153 | D:8      | Found a burning altar of Makhleb.
  8369 | D:8      | Noticed Maggie
  8376 | D:8      | Killed Maggie
  8882 | D:9      | Reached XP level 11. HP: 60/60 MP: 23/33
  8940 | D:9      | Noticed a two-headed ogre
  8947 | D:9      | Killed a two-headed ogre
  9270 | D:9      | Offered knowledge of Frozen Ramparts by Vehumet.
  9526 | D:9      | Found a sparkling altar of Nemelex Xobeh.
  9591 | D:9      | Found a staircase to the Orcish Mines.
  9641 | D:9      | Found a roughly hewn altar of Beogh.
  9659 | D:9      | Reached *** piety under Vehumet
 10008 | D:9      | Reached skill level 5 in Fighting
 10148 | D:10     | Entered Level 10 of the Dungeon
 10472 | D:10     | Offered knowledge of Airstrike by Vehumet.
 10688 | D:10     | Learned a level 4 spell: Airstrike
 10694 | D:10     | Learned a level 5 spell: Lee's Rapid Deconstruction
 11336 | D:11     | Found Xeasugh's Book Shoppe.
 11460 | D:11     | Reached **** piety under Vehumet
 11473 | D:11     | Noticed a purple ugly thing
 11478 | D:11     | Killed a purple ugly thing
 12008 | D:11     | Offered knowledge of Hailstorm by Vehumet.
 12136 | D:11     | Found a runed translucent door.
 12140 | D:11     | Noticed fpsbossfight's ghost (journeyman SpEn)
 12195 | D:11     | Killed fpsbossfight's ghost
 12196 | D:11     | Reached skill level 10 in Earth Magic
 13003 | D:12     | Reached XP level 12. HP: 68/68 MP: 20/34
 13202 | D:12     | Noticed Nessos
 13206 | D:12     | Killed Nessos
 13211 | D:12     | Reached skill level 10 in Conjurations
 13305 | D:12     | Found a radiant altar of Vehumet.
 13324 | D:12     | Noticed a boulder beetle
 13697 | D:12     | Killed a boulder beetle
 13935 | Lair:1   | Entered Level 1 of the Lair of Beasts
 13983 | D:8      | Reached ***** piety under Vehumet
 14218 | Lair:1   | Found an opulent altar of Gozag.
 14370 | Lair:1   | Reached skill level 10 in Dodging
 14535 | Lair:1   | Offered knowledge of Iskenderun's Battlesphere by Vehumet.
 15034 | Lair:2   | Noticed Gastronok
 15044 | Lair:2   | Killed Gastronok
 15129 | Lair:2   | Noticed a four-headed hydra
 15135 | Lair:2   | Killed a four-headed hydra
 15217 | Lair:2   | Found a staircase to the Shoals.
 15453 | Lair:2   | Reached skill level 10 in Ranged Weapons
 15456 | Lair:2   | Noticed a death yak
 15458 | Lair:2   | Noticed a death yak
 15460 | Lair:2   | Noticed a death yak
 15474 | Lair:2   | Noticed a death yak
 15475 | Lair:2   | Killed a death yak
 15476 | Lair:2   | Reached XP level 13. HP: 70/72 MP: 31/35
 15617 | Lair:2   | Reached skill level 1 in Armour
 16643 | Lair:3   | Reached skill level 5 in Armour
 17273 | Lair:3   | Found a staircase to the Snake Pit.
 17951 | Lair:4   | Got the Catalogue of Radiant Mischance
 18054 | Lair:4   | Offered knowledge of Arcjolt by Vehumet.
 18061 | Lair:4   | Learned a level 5 spell: Arcjolt
 18756 | Lair:4   | Reached XP level 14. HP: 78/78 MP: 32/36
 19033 | Lair:5   | Entered Level 5 of the Lair of Beasts
 19049 | Lair:5   | Reached skill level 1 in Air Magic
 19460 | Lair:5   | Identified the +10 trident of Xefoewke {holy, rElec Str+3
                  | Stlth+}
 19570 | Lair:5   | Found a staircase to the Slime Pits.
 19631 | Lair:5   | Identified the +6 scale mail "Nogewug" {rPois rN+ Stlth+}
 19709 | Lair:5   | Reached skill level 15 in Ranged Weapons
 19890 | Lair:5   | Offered knowledge of Permafrost Eruption by Vehumet.
 19976 | Lair:5   | Noticed Rupert
 19989 | Lair:5   | HP: 2/78 [Rupert/+4 great mace of protection (41)]
 20104 | Lair:5   | Reached skill level 5 in Air Magic
 20111 | Lair:5   | Noticed Urug
 20193 | Lair:5   | Killed Urug
 20576 | Lair:5   | Paralysed by a hornet for 1 turns
 20663 | Lair:5   | Learned a level 6 spell: Permafrost Eruption
 20983 | Lair:5   | Killed Rupert
 21328 | Orc:1    | Entered Level 1 of the Orcish Mines
 21573 | Orc:1    | Paralysed by an orc sorcerer for 2 turns
 21788 | Orc:1    | Noticed an orc warlord
 21801 | Orc:1    | Killed an orc warlord
 21814 | Orc:1    | Identified the +6 mace of the Magi {heavy, rElec Int+8}
 21814 | Orc:1    | Identified the ring of the Eleven Moons {Fly rC+ Will+
                  | Str+2 Int-3}
 21828 | Orc:1    | Paralysed by an orc sorcerer for 2 turns
 21868 | Orc:1    | Noticed an orc warlord
 21916 | Orc:1    | Killed an orc warlord
 22135 | Orc:1    | Identified the ring of Knowledge {rF+ rN+ Will+ Str-2
                  | Dex+2}
 22143 | Orc:1    | Reached skill level 10 in Air Magic
 22442 | Orc:1    | Identified the +9 spear "Waveyq" {flame, ^Fragile rPois
                  | Dex+2}
 22559 | Orc:1    | You fall into a shaft and drop 1 floor!
 22559 | Orc:2    | Entered Level 2 of the Orcish Mines
 22578 | Orc:2    | Offered knowledge of Yara's Violent Unravelling by Vehumet.
 22624 | Orc:2    | Reached skill level 1 in Ice Magic
 22629 | Orc:2    | Reached XP level 15. HP: 55/82 MP: 15/37
 22793 | Orc:2    | Found Rukha's Book Shoppe.
 22794 | Orc:2    | Found Zenlaah's Antique Armour Emporium.
 22795 | Orc:2    | Found Diots's Jewellery Emporium.
 22799 | Orc:2    | Found Jadoqiga's Armour Shoppe.
 22883 | Orc:2    | Found a roughly hewn altar of Beogh.
 23010 | Orc:2    | Reached ****** piety under Vehumet
 23010 | Orc:2    | Offered knowledge of Ozocubu's Refrigeration by Vehumet.
 23100 | Orc:2    | Found a staircase to the Elven Halls.
 23367 | Orc:2    | Reached skill level 5 in Ice Magic
 23483 | Orc:2    | Upgraded the game from 0.32-a0-699-g1ee5eff69a to
                  | 0.32-a0-747-gc8563f6773
 23623 | Snake:1  | Entered Level 1 of the Snake Pit
 23631 | Snake:1  | HP: 3/82 [salamander/+0 trident (15)]
 23631 | Snake:1  | Killed from afar by a naga mage

Illustrated notes

Levels and vault maps discovered:
D:1:      elethiomel_arrival_quiet, layout_basic,
          nicolae_kite_square_tiling_tiny, nicolae_the_louvre
D:2:      layout_basic, basic_altar, supply_closet_lemuel, uniq_jessica
D:3:      minmay_chambers_of_threes, layout_basic, general_overflow_altar,
          grunt_decor_mini_mirrors
D:4:      layout_cave_pools, lightli_sewer_entry_pipes, grunt_ministairs_10
D:5:      layout_cave_pools, serial_shops, shop_statue, nicolae_shop_clearance
D:6:      layout_basic, okawaru_trees_2, minmay_temple_entry_antechambers,
          uniq_edmund
D:7:      layout_rooms
D:8:      layout_gridville, makhleb_blood_cavern_becter, david_lair_generic,
          minivault_24, uniq_prince_ribbit1, uniq_maurice, uniq_grum,
          uniq_pikel, uniq_maggie
D:9:      layout_basic, kennysheep_mini_moat, minmay_orc_entry_temple_small,
          hangedman_decor_peaks_small
D:10:     layout_cave_pods
D:11:     layout_basic, serial_shops, shop, ebering_ghost_reflecting_pool
D:12:     layout_small_grid, serial_bayou, serial_bayou_shore_b,
          serial_bayou_lake_a, serial_bayou_pond_b, serial_bayou_shore_a,
          kennysheep_cross_bottleneck, nicolae_vehumet_altar_sigil, uniq_nessos
Temple:   dpeg_three_leaves_temple
Lair:1:   layout_misc_corridors, basic_altar
Lair:2:   layout_loops_ring, minmay_shoals_entry_centaurs,
          grunt_forest_small_clearing_treed, uniq_gastronok
Lair:3:   layout_long_grid, minmay_snake_entry_spellcaster, hibernation_bobbens,
          grunt_megastairs_3
Lair:4:   layout_misc_corridors, worms_lemuel, infiniplex_staircase_pool
Lair:5:   gammafunk_lair_ancient_temple, layout_regular_city,
          minmay_slime_entry_pillars, chequers_serial_rivers_room_a, uniq_urug,
          uniq_rupert
Snake:1:  layout_cave_shapes, corexii_hall_statues_i, uniq_donald
Orc:1:    layout_diamond_mine, nicolae_orc_rockfall, minmay_orc_treasury
Orc:2:    st_orc_mages, layout_caves, kennysheep_orc_chapel

Skill      XL: |  1  2  3  4  5  6  7  8  9 10 11 12 13 14 15 |
---------------+----------------------------------------------+-----
Conjurations   | 2 4 7 8 9 11 | 11.1
Ranged Weapons | 1 3 5 6 10 13 15 | 15.1
Spellcasting   | 6 16 | 16.4
Earth Magic    | 6 7 10 | 10.2
Dodging        | 7 8 10 | 10.7
Fighting       | 3 5 |  5.3
Armour         | 7 |  7.0
Air Magic      | 10 | 10.4
Ice Magic      | 2 5 |  5.1
Stealth        | |  2.4

Action                     |  1- 3 |  4- 6 |  7- 9 | 10-12 | 13-15 || total
---------------------------+-------+-------+-------+-------+-------++-------
  Melee: Sling             |       |       |       |     3 |       ||     3
   Fire: Sling             |    39 |    89 |   116 |   174 |       ||   418
         Longbow           |       |       |       |    90 |   484 ||   574
   Cast: Sandblast         |    32 |    83 |    61 |    23 |     1 ||   200
         Stone Arrow       |       |       |    64 |   233 |   244 ||   541
         Brom's Barrelling |       |       |     3 |    20 |    15 ||    38
         Petrify           |       |       |     2 |       |       ||     2
         Lee's Rapid Decon |       |       |       |    45 |    34 ||    79
         Airstrike         |       |       |       |     2 |     2 ||     4
         Arcjolt           |       |       |       |       |    34 ||    34
         Permafrost Erupti |       |       |       |       |    24 ||    24
    Use: Scroll            |     2 |     8 |     4 |    12 |     4 ||    30
         Potion            |       |     2 |     3 |     2 |    10 ||    17
 Armour: Robe              |    10 |    42 |    57 |    73 |       ||   182
         Troll leather arm |       |       |       |    88 |   157 ||   245
  Dodge: Dodged            |    18 |    49 |    49 |   207 |   245 ||   568

Table legend: (Time is in decaauts)
 A = Elapsed time spent in this place.
 B = Non-inter-level travel time spent in this place.
 C = Inter-level travel time spent in this place.
 D = Time resting spent in this place.
 E = Time spent auto-exploring this place.
 F = Levels seen in this place.
 G = Mean time per level.
                   A        B        C        D        E       F      G
               +--------+--------+--------+--------+--------+-----+--------+
         Total |  24083 |  22891 |   1192 |   5131 |  14280 |  22 | 1094.7 |
       Dungeon |  13637 |  12835 |    802 |   2931 |   8109 |  12 | 1136.4 |
        Temple |     10 |      1 |      9 |      0 |      0 |   1 |   10.0 |
          Lair |   7352 |   7007 |    345 |   1434 |   4503 |   5 | 1470.4 |
     Snake Pit |      7 |      7 |      0 |      0 |      0 |   1 |    7.0 |
  Orcish Mines |   2166 |   2131 |     35 |    650 |   1004 |   2 | 1083.0 |
         Sewer |    908 |    908 |      0 |    115 |    663 |   1 |  908.0 |
               +--------+--------+--------+--------+--------+-----+--------+

Top non-repeatable levels by time:
  Lair:5: 2160 daAuts
     D:9: 1850 daAuts
  Lair:2: 1548 daAuts
    D:12: 1485 daAuts
     D:6: 1483 daAuts
     D:8: 1399 daAuts
  Lair:4: 1360 daAuts
  Lair:3: 1330 daAuts
    D:11: 1243 daAuts
   Orc:1: 1226 daAuts
     D:4: 1098 daAuts
    D:10: 1057 daAuts
     D:3: 958 daAuts
  Lair:1: 952 daAuts
     D:1: 945 daAuts
